 Dungeon Crawl Stone Soup version 0.30-a0-782-ge64f9170bb (webtiles) character file.

Game seed: 1412143477270787573

329144 Flugkiller the Slayer (level 20, 0/98 HPs)
             Began as a Felid Reaver on Feb 21, 2023.
             Was the Champion of Hepliaklqana.
             Killed from afar by a black draconian knight (44 damage)
             ... with a bolt of lightning
             ... on level 4 of the Realm of Zot.
             The game lasted 02:05:26 (55993 turns).

Flugkiller the Slayer (Felid Reaver)               Turns: 55993, Time: 02:05:27

Health: 0/98       AC:  3    Str: 12    XL:     20   Next: 43%
Magic:  32/35      EV: 36    Int: 19    God:    Hepliaklqana [******]
Gold:   2426       SH:  0    Dex: 14    Spells: 14/39 levels left
                                        Lives:  0   Deaths: 4

rFire   . . .      SeeInvis +      - Unarmed
rCold   + + .      Faith    .    (shield unavailable)
rNeg    + + .      Spirit   .    (body armour unavailable)
rPois   .          Reflect  .    (helmet unavailable)
rElec   .          Harm     .    (cloak unavailable)
rCorr   .          Rampage  .    (gloves unavailable)
Will    +++..                    (boots unavailable)
Stlth   ++++                     r - amulet of Lesser Demons {RegenMP +Blink rN+ Regen+}
HPRegen 1.16/turn                G - ring of Hahyan {rC+ rN+ Dex-3 Slay+5}
MPRegen 0.64/turn                X - ring of the Hare {EV+10}

@: quick
A: reduced essence, very small, claws 1, fangs 3, see invisible, speed 1, shaggy
fur 3, stealthy paws, no weapons or thrown items, no armour, multi-lived, horns
1, strong 1
}: 3/15 runes: decaying, abyssal, gossamer
a: Renounce Religion, Evoke Blink, Recall Ancestor, Ancestor Identity,
Transference, Idealise


You were on level 4 of the Realm of Zot.
You worshipped Hepliaklqana.
Hepliaklqana was exalted by your worship.
You visited 9 branches of the dungeon, and saw 45 of its levels.
You visited the Abyss 1 time.
You visited 1 bazaar.
You also visited: Sewer, Bailey and Volcano.

You collected 5580 gold pieces.
You spent 3154 gold pieces at shops.

Inventory:

Jewellery
 m - the ring of Reexig {EV+5 Int+5 Slay+2}
   (You bought it in a shop in a bazaar)

   [ring of evasion]

   EV:        It affects your evasion (+5).
   Int:       It affects your intelligence (+5).
   Slay:      It affects your accuracy & damage with ranged weapons and melee
   (+2).
 p - a +4 ring of protection
   (You found it on level 1 of the Swamp)
 r - the amulet of Lesser Demons (around neck) {RegenMP +Blink rN+ Regen+}
   (You found it on level 2 of the Depths)

   [amulet of magic regeneration]

   It increases your rate of magic regeneration.
   rN:        It protects you from negative energy.
   +Blink:    It lets you blink.
   Regen:     It increases your rate of health regeneration.
 y - the ring of Awe {rPois Will+ EV+5 Str-2 Dex+3}
   (You acquired it on level 1 of the Lair of Beasts)

   [ring of evasion]

   EV:        It affects your evasion (+5).
   Str:       It affects your strength (-2).
   Dex:       It affects your dexterity (+3).
   rPois:     It protects you from poison.
   Will:      It increases your willpower.
 A - a ring of resist corrosion
   (You found it on level 11 of the Dungeon)
 G - the ring of Hahyan (left paw) {rC+ rN+ Dex-3 Slay+5}
   (You acquired it on level 8 of the Dungeon)

   [ring of positive energy]

   Dex:       It affects your dexterity (-3).
   Slay:      It affects your accuracy & damage with ranged weapons and melee
   (+5).
   rC:        It protects you from cold.
   rN:        It protects you from negative energy.
 I - a ring of wizardry
   (You took it off a goblin on level 4 of the Dungeon)
 S - the ring of Icoakuch {rF+ MP+9 Int+2}
   (You took it off a deep elf demonologist on level 3 of the Elven Halls)

   [ring of protection from fire]

   Int:       It affects your intelligence (+2).
   rF:        It protects you from fire.
   MP:        It affects your magic capacity (+9).
 X - the ring of the Hare (right paw) {EV+10}
   (You found it on level 3 of the Elven Halls)

   [ring of evasion]

   EV:        It affects your evasion (+10).
Wands
 s - a wand of acid (10)
   (You found it on level 5 of the Dungeon)
 u - a wand of roots (27)
   (You took it off Ijyb on level 5 of the Dungeon)
 K - a wand of digging (5)
   (You found it on level 3 of the Lair of Beasts)
 M - a wand of mindburst (40)
   (You found it on level 12 of the Dungeon)
 P - a wand of charming (25)
   (You found it on level 1 of the Spider Nest)
Scrolls
 a - a scroll of fog
 c - 8 scrolls of poison
 e - 7 scrolls of immolation
 f - a scroll of silence
 g - 10 scrolls of vulnerability
 j - 9 scrolls of fear
 t - 21 scrolls of teleportation
 v - a scroll of magic mapping
 z - 2 scrolls of blinking
 J - 2 scrolls of butterflies
 O - 6 scrolls of amnesia
Potions
 b - 8 potions of attraction
 d - 11 potions of might
 h - 8 potions of haste
 i - 4 potions of cancellation
 k - 2 potions of invisibility
 l - 7 potions of lignification
 n - 4 potions of resistance
 o - 6 potions of magic
 q - 19 potions of curing
 w - 12 potions of heal wounds
 x - 7 potions of brilliance
 B - 8 potions of mutation
 C - 7 potions of berserk rage
 F - 7 potions of ambrosia
Miscellaneous
 E - a phantom mirror
   (You found it on level 11 of the Dungeon)
 H - a tin of tremorstones (2/2)
   (You found it on level 11 of the Dungeon)
 R - a lightning rod (4/4)
   (You found it on level 4 of the Spider Nest)
 U - a condenser vane
   (You found it on level 3 of the Elven Halls)
 V - a phial of floods
   (You found it on level 3 of the Elven Halls)
 Y - a box of beasts
   (You found it on level 3 of the Elven Halls)


   Skills:
 + Level 22.1 Fighting
 - Level 16.0 Dodging
 - Level 10.0 Stealth
 - Level 20.0 Unarmed Combat
 - Level 10.0 Spellcasting
 - Level 10.9 Conjurations
 - Level 12.0 Hexes
 - Level 8.0 Translocations
 - Level 18.0 Transmutations
 - Level 7.0 Ice Magic
 - Level 3.0 Air Magic
 - Level 12.0 Invocations
 - Level 8.0 Evocations


You had 14 spell levels left.
You knew the following spells:

 Your Spells              Type           Power      Damage    Failure   Level
a - Kiss of Death         Conj/Necr      100%       2d13      1%          1
b - Momentum Strike       Conj/Tloc      90%        3d10      1%          2
c - Hailstorm             Conj/Ice       43%        3d10      1%          3
d - Dragon Form           Tmut           33%        N/A       3%          7
e - Vhi's Electric Charg  Tloc/Air       60%        N/A       2%          3
f - Cause Fear            Hex            26%        N/A       1%          4
i - Irradiate             Conj/Tmut      29%        3d21      1%          5

Your spell library contained the following spells:

 Spells                   Type           Power      Damage    Failure   Level
 Freeze                   Ice            100%       1d10      1%          1
 Slow                     Hex            100%       N/A       1%          1
 Sting                    Tmut/Pois      100%       1d8       1%          1
 Ensorcelled Hibernation  Hex/Ice        90%        N/A       1%          2
 Lesser Beckoning         Tloc           78%        N/A       1%          2
 Passwall                 Tmut/Erth      35%        N/A       1%          2
 Static Discharge         Conj/Air       72%        2-5/arc   1%          2
 Confusing Touch          Hex            53%        N/A       1%          3
 Dazzling Flash           Conj/Hex       100%       N/A       1%          3
 Frozen Ramparts          Ice            72%        1d11      1%          3
 Gell's Gravitas          Tloc           39%        N/A       1%          3
 Ignite Poison            Fire/Tmut/Pois 32%        N/A       1%          3
 Inner Flame              Hex/Fire       32%        N/A       1%          3
 Summon Guardian Golem    Hex/Summ       32%        N/A       1%          3
 Teleport Other           Tloc           39%        N/A       1%          3
 Fulminant Prism          Conj/Hex       26%        3d14      1%          4
 Ice Form                 Ice/Tmut       54%        N/A       1%          4
 Iskenderun's Mystic Bla  Conj/Tloc      45%        2d10      1%          4
 Petrify                  Tmut/Erth      43%        N/A       1%          4
 Blade Hands              Tmut           33%        N/A       1%          5
 Passage of Golubria      Tloc           39%        N/A       2%          4
 Iskenderun's Battlesphe  Conj           50%        2d10      2%          5
 Kindle Blastsparks       Fire/Tloc/Air  46%        2d13      4%          3
 Poisonous Vapours        Pois/Air       30%        N/A       6%          2
 Swiftness                Air            20%        N/A       6%          3
 Cigotuvi's Dreadful Rot  Necr/Pois/Air  26%        N/A       8%          2
 Sticky Flame             Conj/Fire      30%        2d5       8%          4
 Silence                  Hex/Air        19%        N/A       10%         5
 Sublimation of Blood     Necr           9%         N/A       11%         2
 Arcjolt                  Conj/Air       18%        1d28      12%         5
 Freezing Cloud           Conj/Ice/Air   18%        6-21      12%         5
 Summon Ice Beast         Ice/Summ       22%        N/A       17%         4
 Summon Mana Viper        Hex/Summ       32%        N/A       17%         5
 Vampiric Draining        Necr           9%         2d6       22%         3
 Olgreb's Toxic Radiance  Pois           9%         N/A       58%         4
 Iron Shot                Conj/Erth      15%        9d4       77%         6
 Agony                    Necr           9%         N/A       90%         5
 Lee's Rapid Deconstruct  Erth           4%         3d5*      90%         5
 Discord                  Hex            26%        N/A       98%         8
 Monstrous Menagerie      Summ           4%         N/A       100%        7
 Spellforged Servitor     Conj/Summ      15%        N/A       100%        7
 Borgnjor's Revivificati  Necr           4%         N/A       100%        8
 Ignition                 Fire           4%         3d4       100%        8
 Lehudib's Crystal Spear  Conj/Erth      15%        10d5      100%        8
 Maxwell's Capacitive Co  Air            10%        ∞         100%        8
 Necromutation            Tmut/Necr      21%        N/A       100%        8
 Death's Door             Necr           4%         N/A       100%        9
 Shatter                  Erth           4%         3d8*      100%        9


Dungeon Overview and Level Annotations

Branches:
Dungeon (15/15) Zot: 24926  Temple (0/1) D:7            Lair (5/5) D:8 Zot: 21881
  Swamp (4/4) Lair:2 Zot: 21078  Spider (4/4) Lair:3 Zot: 24740   Slime (0/5) Lair:4
    Orc (2/2) D:10 Zot: 10521     Elf (3/3) Orc:2 Zot: 14900  Vaults (4/5) D:13 Zot: 19438
  Crypt (0/3) Vaults:3     Depths (4/4) D:15 Zot: 25864     Zot (4/5) Depths:4 Zot: 26299
  Sewer (visited)          Bailey (visited)         Volcano (visited)

Altars:
Dithmenos
Fedhas
Hepliaklqana
Kikubaaqudgha
Makhleb
Okawaru
Trog
Vehumet
Yredelemnul
Zin
Jiyva
Lugonu

Shops:
D:3 ?=   D:4 ([*[(   D:6 !   D:10 *   D:11 !   D:14 ([(=:   Orc:2 ::[(!
Elf:1 :[[(   Elf:2 (   Vaults:2 (   Depths:1 *   Depths:2 [

Portals:
Hell: Depths:1 Depths:2 Depths:3 Depths:4
Abyss: Depths:3 Depths:4
Pandemonium: Depths:2 Depths:4
Ziggurat: Depths:3
Trove: D:12 (give 17 potions of curing)

Annotations:
D:10 3 runed translucent doors
D:14 2 transporters, exclusion: obsidian statue, Sauxt's ghost, journeyman GrEE; Vidul's ghost, journeyman OgTm
Lair:1 1 runed translucent door, pedritolo's ghost, journeyman OpBe
Swamp:3 2 transporters, gabibbone's ghost, adept OgAE
Elf:2 2 runed translucent doors
Depths:2 1 runed translucent door


Innate Abilities, Weirdness & Mutations

Your life essence is reduced to manifest your ancestor. (-10% HP)
You have sharp claws.
You have razor-sharp teeth.
You have supernaturally acute eyesight. (SInv)
You cover ground quickly. (Speed+)
Your thick and shaggy fur keeps you warm. (AC +3, rC+)
Your paws help you pounce on unaware monsters.
You are incapable of wielding weapons or throwing items.
You cannot wear armour.
You gain extra lives every three experience levels.
You have a pair of small horns on your head.
Your muscles are strong. (Str +4, Int/Dex -1)


Message History

Press: ? - help, Dir - move target, f - black draconian
Aim: a black draconian, wielding a +0 long sword of holy wrath (catching its breath, 97% to hit)
You charge forward with an electric crackle!
You claw the black draconian!
You claw the black draconian, but do no damage.
The black draconian is lightly wounded.
The black draconian closely misses you.
A red draconian comes into view. It is wielding a +0 mace.
You maul the black draconian!!!
You tail-slap the black draconian, but do no damage.
The black draconian is severely wounded.
You hear a roar!
You maul the black draconian!!!
You kill the black draconian!
The red draconian completely misses you.
You bite the red draconian!!
The red draconian is moderately wounded.
The red draconian breathes fire at you. The searing blast hits you. You resist.
Unknown command.
You maul the red draconian!!!!
You kill the red draconian!
You are engulfed in blazing flames.
You resist.
The red draconian completely misses you.
You maul the red draconian!!!
You tail-slap the red draconian, but do no damage.
Your claw misses the red draconian. You bite the red draconian.
The red draconian is heavily wounded.
The red draconian breathes fire at you. The searing blast hits you. You resist.
You maul the red draconian!!!
The red draconian is severely wounded.
The red draconian closely misses you.
A black draconian knight comes into view.
It is wielding a +0 battleaxe.
You maul the red draconian!!!
You kill the red draconian!
A yellow draconian annihilator comes into view.
It is wielding a +0 long sword.
The yellow draconian annihilator gestures wildly while chanting.
The yellow draconian annihilator blinks!
A purple draconian comes into view. It is wielding a +0 halberd.
The yellow draconian annihilator moves out of view.
A white draconian comes into view. It is wielding a +0 hand axe.
The black draconian knight gestures wildly while chanting.
The black draconian knight seems to speed up.
The purple draconian breathes dispelling energy at you.
The bolt of dispelling energy misses you.
A purple draconian shifter comes into view.
It is wielding a +0 rapier.
The black draconian knight gestures wildly while chanting.
The black draconian knight flickers and vanishes for a moment.
The black draconian knight breathes lightning at you.
The bolt of lightning hits you!!
You hear a roar!
The purple draconian breathes dispelling energy at you.
The bolt of dispelling energy hits you!!
Your magical effects are unravelling.
Your transformation has ended.
Unknown command.
Unknown command.
As you read the scroll of fog, it crumbles to dust.
The scroll dissolves into smoke.
Unknown command.
The black draconian knight points at you and mumbles some strange words.
The shard of ice misses you.
There is a stone staircase leading up, spattered with blood here.
The black draconian knight casts a spell at you.
The bolt of cold misses you.
You hear a deafening roar!
You climb upwards.
There is a stone staircase leading down, spattered with blood here.
You start resting.
Lici emerges from the mists of memory!
You start resting.
HP restored.
Unknown command.
Casting: Vhi's Electric Charge (mildly dangerous; 2% risk of failure)
Confirm with . or Enter, or press ? or * to list all spells.
You turn into a fearsome dragon!
You hear a roar!
You fly downwards.
The purple draconian shifter casts a spell.
The purple draconian shifter blinks!
The purple draconian shifter casts a spell.
The purple draconian shifter blinks!
A quicksilver dragon comes into view.
There is a stone staircase leading up, spattered with blood here.
Unknown command.
The black draconian knight breathes lightning at you.
The bolt of lightning hits Lici!!
The bolt of lightning misses you. x2
Lici barely misses the black draconian knight.
You hear a roar! x3
Unknown command.
The quicksilver dragon breathes dispelling energy at you.
The bolt of dispelling energy hits you!!
Your magical effects are unravelling.
Lici blocks the black draconian knight's attack.
Lici closely misses the black draconian knight.
Your transformation has ended.
The black draconian knight breathes lightning at you.
The bolt of lightning hits Lici!!
The bolt of lightning hits you!!! x2
You die...

*** *** *,* *,*
##################,* *,*
.....<§§§....qqR.#,#####,*
#####.§#########@#,,..d.,* #..#
#D#,,,.d#,* #..#
#####[#####d#,******** #..#
#....).)..#q#,,,,,,,,, #qq#
#..))##)..#R#********* #d.#
#...[.#...#.#
#####.d#####.....#...#.#
)).°.......d.....#...#.#
##)......##q.....#...#.######**##


You could see the friendly Lici the knight (reflecting), a black draconian
knight (catching breath, ally target), a purple draconian shifter and a
quicksilver dragon.

Vanquished Creatures
  Mennas (Vaults:2)
  Mara (Swamp:3)
  A Killer Klown (Zot:3)
  Frederick (Vaults:2)
  A curse toe (Zot:3)
  2 golden dragons (Depths:3)
  Jory (Vaults:2)
  The ghost of Flugslaktarn the Executioner, an adept MiFi of Gozag (Depths:3)
  A doom hound (Zot:4)
  3 electric golems
  A bone dragon (Abyss:3)
  6 tentacled monstrosities
  Jorgrun (Elf:1)
  2 walking crystal tomes (Depths:3)
  Mlioglotl (Swamp:2)
  Grunn (Zot:4)
  2 quicksilver dragons
  2 deep elf blademasters (Elf:3)
  2 deep elf master archers (Elf:3)
  3 sphinxes
  4 tentacled starspawn
  2 death cobs
  Kirke (D:13)
  A shadow dragon (Depths:3)
  The ghost of bmj180 the Executioner, an adept MiFi of Okawaru (Swamp:2)
  4 thorn hunters
  A tengu reaver (Depths:3)
  A draconian knight (Zot:4)
  3 storm dragons
  3 draconian monks
  6 fenstrider witches
  5 deep elf sorcerers
  An iron dragon (Depths:4)
  3 fire giants
  A frost giant (Depths:2)
  6 vault wardens
  2 emperor scorpions
  8 ghost moths
  6 deep elf elementalists (Elf:3)
  An orc warlord (Bailey)
  2 draconian shifters (Zot:4)
  15 ironbound preservers
  Aizul (Swamp:3)
  A draconian annihilator (Zot:4)
  4 broodmothers
  3 ghouls
  A spriggan defender (Depths:3)
  A reaper (Depths:4)
  16 very ugly things
  A draconian stormcaller (Depths:4)
  6 stone giants
  6 ironbound thunderhulks
  A vampire knight (Depths:3)
  7 deep elf demonologists (Elf:3)
  4 eleionomae
  2 green draconians
  2 deep elf annihilators (Elf:3)
  A yellow draconian (Zot:4)
  5 white draconians
  3 black draconians
  2 purple draconians
  4 red draconians (Zot:4)
  7 dire elephants
  10 spark wasps
  6 bunyips
  7 ettins
  6 fire dragons
  A crystal guardian (Vaults:3)
  5 entropy weavers
  4 deep elf death magi (Elf:3)
  4 great orbs of eyes
  A shambling mangrove (Swamp:3)
  2 blizzard demons (Swamp:4)
  3 deep elf high priests
  2 ice dragons
  Erolcha (Orc:2)
  8 vault guards
  3 rakshasas
  4 yaktaur captains
  2 hell beasts
  12 hydras
  2 centaur warriors
  A juggernaut simulacrum (Depths:2)
  4 ogre magi
  4 ghost crabs
  6 ironbound frosthearts
  3 spriggan air magi
  A peacekeeper (Vaults:3)
  7 boulder beetles
  8 alligators
  3 radroaches
  13 two-headed ogres
  A death scarab (Spider:3)
  7 tengu warriors
  A deep troll shaman (Depths:4)
  14 dancing weapons
  5 death yaks (Lair:5)
  A hell hog (Depths:1)
  7 deep troll earth magi
  A thrashing horror (Abyss:3)
  An orc high priest (Elf:2)
  A vampire mage (Depths:4)
  6 spriggans
  4 soul eaters
  7 deep elf knights
  Nergalle (Orc:2)
  3 hell knights
  Sonja (Orc:2)
  2 storm dragon zombies (Depths:2)
  3 iron trolls
  6 sun demons
  3 pharaoh ants
  36 deep trolls
  2 sixfirhies (Depths:4)
  7 goliath frogs
  2 wretched stars (Abyss:3)
  A storm dragon skeleton (Depths:2)
  7 wizards
  5 spriggan druids
  2 death drakes
  5 orb spiders
  2 lindwurms
  5 swamp dragons
  3 bog bodies
  8 deep elf archers
  3 orc knights
  8 harpies (Vaults:3)
  3 glowing orange brains
  13 deep elf zephyrmancers
  11 ironbound convokers
  5 necromancers
  5 steelbarb worms
  21 deep elf pyromancers
  37 ugly things
  10 orc sorcerers
  20 wolf spiders
  6 cyclopes
  A shining eye (Depths:1)
  A cyclops (shapeshifter) (D:15)
  6 will-o-the-wisps
  A shining eye (shapeshifter) (Depths:2)
  4 manticores
  9 moths of wrath
  3 black mambas
  An iron dragon skeleton (Depths:2)
  5 elephants
  A stone giant skeleton (Depths:1)
  8 vault sentinels
  3 smoke demons (Depths:4)
  6 torpor snails
  3 orange demons (Swamp:4)
  An eye of devastation (Depths:1)
  3 cane toads (Lair:2)
  9 demonic crawlers
  2 kobold demonologists
  4 rime drakes
  A gargoyle (D:13)
  An unseen horror (D:12)
  19 yaktaurs
  3 efreet
  2 komodo dragons
  A tengu conjurer (Depths:4)
  2 red devils (Depths:4)
  A meliai (Spider:4)
  2 bloated husks
  3 hellwings
  2 spriggan skeletons
  5 polar bears
  5 tyrant leeches
  6 hornets
  9 trolls
  24 tarantellas
  2 spriggan zombies
  7 blink frogs
  Sigmund (D:4)
  24 jumping spiders
  14 slime creatures
  22 culicivoras
  A wraith (D:10)
  A wyvern (Lair:3)
  A water elemental (Elf:1)
  A shadow (D:8)
  A centaur simulacrum (D:11)
  6 fire elementals
  A hog (shapeshifter) (D:13)
  7 starcursed masses (Abyss:3)
  22 yaks
  4 basilisks
  50 redbacks
  2 hogs (D:13)
  6 chaos spawn
  21 vampire mosquitoes
  3 neqoxecs
  3 steam dragons
  4 wargs
  17 swamp worms
  8 water moccasins
  2 hell hounds (Orc:1)
  An acid dragon (D:13)
  6 black bears
  16 orc warriors
  A sky beast (D:7)
  2 swamp drakes (Swamp:2)
  An ice beast (D:6)
  3 wolves (Lair:1)
  6 ogres
  3 centaurs
  A phantom (D:4)
  A kobold brigand (D:11)
  7 bullfrogs
  3 earth elementals
  2 necrophages
  7 scorpions
  3 wights (D:8)
  9 electric eels
  4 howler monkeys
  A lava snake (D:15)
  3 quasits (D:12)
  4 hounds
  Crazy Yiuf (D:5)
  10 orc priests
  2 jellies
  Ijyb (D:5)
  9 iguanas
  30 orc wizards
  A hell rat (Sewer)
  Robin (D:3)
  5 adders
  12 gnolls
  2 river rats
  2 worms
  5 dart slugs
  57 orcs
  7 ball pythons
  9 bats
  6 endoplasms
  5 giant cockroaches
  20 goblins
  13 hobgoblins
  3 jackals (D:2)
  5 quokkas
  A frilled lizard (D:1)
  20 kobolds
  6 rats
  A spectral orc (D:5)
  3 briar patches
  2 starspawn tentacles (Abyss:3)
1335 creatures vanquished.

Vanquished Creatures (collateral kills)
  Saint Roka (Orc:2)
  Margery (Vaults:2)
  A golden dragon (Zot:4)
  Nikola (Swamp:1)
  A doom hound (Zot:4)
  3 tentacled monstrosities
  A lich (Depths:4)
  Gastronok (Lair:3)
  A tengu reaver (Depths:3)
  A tentacled starspawn (Abyss:3)
  Louise (Elf:3)
  A deep elf elementalist (Elf:3)
  2 vault wardens
  2 broodmothers
  A ghoul (Swamp:4)
  2 very ugly things
  An eleionoma (Swamp:3)
  A spark wasp (Depths:3)
  A yellow draconian (Zot:4)
  A white draconian (Zot:4)
  A dire elephant (Vaults:1)
  A red draconian (Zot:4)
  A purple draconian (Depths:4)
  An ettin (Depths:3)
  Snorg (Lair:3)
  An entropy weaver (Spider:1)
  Fannar (D:12)
  A yaktaur captain (Vaults:2)
  A fire dragon (Lair:5)
  A shambling mangrove (Swamp:4)
  A starcursed mass (Abyss:3)
  A great orb of eyes (Vaults:2)
  A centaur warrior (D:12)
  A hydra (Lair:5)
  A radroach (Spider:1)
  2 jorogumos
  2 alligators (Swamp:1)
  A death yak (Lair:3)
  2 two-headed ogres
  A tengu warrior (D:13)
  2 sun demons
  3 deep elf knights
  An iron troll (Depths:4)
  A goliath frog (Swamp:4)
  A pharaoh ant (Spider:4)
  A skyshark (Lair:4)
  A deep troll (Vaults:4)
  2 wizards
  3 orb spiders
  A spriggan druid (Swamp:3)
  A swamp dragon (Swamp:3)
  3 ironbound convokers (Vaults:2)
  2 deep elf pyromancers (Elf:3)
  A deep elf zephyrmancer (Elf:1)
  A harpy (Vaults:3)
  7 ugly things
  6 wolf spiders
  A cyclops (shapeshifter) (Elf:1)
  A manticore (D:13)
  A cyclops (D:12)
  A will-o-the-wisp (Swamp:3)
  2 orc sorcerers
  3 elephants
  A moth of wrath (Spider:1)
  A sphinx skeleton (Depths:1)
  2 black mambas
  A torpor snail (Lair:5)
  3 vault sentinels
  2 demonic crawlers
  2 cane toads (Lair:3)
  A rime drake (Lair:5)
  5 komodo dragons
  An unseen horror (D:11)
  2 yaktaurs (Vaults:4)
  2 tengu conjurers (Depths:3)
  4 trolls
  A hornet (Swamp:4)
  4 polar bears (Lair:3)
  7 tarantellas
  A fire giant simulacrum (Depths:1)
  2 blink frogs
  2 slime creatures
  6 culicivoras
  A spriggan (Swamp:4)
  16 yaks
  A ynoxinul (D:12)
  A wraith (D:11)
  A basilisk (Lair:3)
  A steam dragon (D:8)
  4 vampire mosquitoes
  A chaos spawn (Swamp:4)
  A swamp worm (Swamp:4)
  Menkaure (D:5)
  13 redbacks
  An acid dragon (Lair:5)
  4 water moccasins
  11 orc warriors
  A floating eye (Depths:4)
  A black bear (Lair:3)
  2 wolves (Lair:1)
  3 centaurs
  3 ogres
  5 bullfrogs
  2 kobold brigands
  4 wights (D:9)
  A killer bee (D:11)
  2 orc priests (Orc:2)
  A jelly (D:8)
  A hound (D:5)
  11 orc wizards
  A gnoll (D:6)
  2 river rats (Sewer)
  A white imp (D:7)
  3 worms
  26 orcs
  A giant cockroach (D:5)
  2 goblins
  A hobgoblin (Bailey)
  6 kobolds
  4 rats (Sewer)
  2 briar patches
287 creatures vanquished.

Vanquished Creatures (others)
  An alligator (Swamp:1)
  A spriggan druid (Swamp:3)
  A wizard (Vaults:1)
  A yaktaur (Vaults:2)
  3 bloated husks
  3 humans (D:13)
  A hell hound (Depths:1)
  2 ancestors
  34 knights
  3 briar patches (Swamp:4)
  10 demonic plants (D:12)
  11 foxfires
  36 fungi
  86 plants
  2 starspawn tentacles (Abyss:3)
195 creatures vanquished.

Grand Total: 1817 creatures vanquished

Notes
Turn   | Place    | Note
-------+----------+-------------------------------------------
     0 | D:1      | Flugkiller the Felid Reaver began the quest for the Orb.
     0 | D:1      | Reached XP level 1. HP: 9/9 MP: 4/4
   177 | D:1      | Reached XP level 2. HP: 13/13 MP: 6/6
   180 | D:1      | Learned a level 2 spell: Momentum Strike
   236 | D:1      | Reached skill level 3 in Fighting
   260 | D:1      | Reached skill level 1 in Translocations
   467 | D:1      | Reached XP level 3. HP: 17/17 MP: 7/7
   632 | D:1      | Learned a level 3 spell: Hailstorm
  1223 | D:2      | Found a faded altar of an unknown god.
  1374 | D:2      | Reached XP level 4. HP: 19/21 MP: 5/8
  1917 | D:1      | Reached skill level 1 in Ice Magic
  2423 | D:3      | Reached XP level 5. HP: 24/24 MP: 8/10
  2471 | D:3      | Found Kaod's Magic Scroll Shoppe.
  2479 | D:3      | Bought a scroll of identify for 24 gold pieces
  2817 | D:3      | Found Xusosil's Jewellery Emporium.
  2957 | D:3      | Found a bloodstained altar of Trog.
  2957 | D:3      | Found a burning altar of Makhleb.
  3052 | D:3      | Found a blossoming altar of Fedhas.
  3057 | D:3      | Found a glowing silver altar of Zin.
  3725 | D:4      | Gained mutation: You are covered in thick fur. (AC +2)
                  | [Felid growth]
  3725 | D:4      | Reached XP level 6. HP: 17/28 MP: 4/11
  3778 | D:4      | Found a hazy altar of Hepliaklqana.
  3781 | D:4      | Became a worshipper of Hepliaklqana the Forgotten
  3924 | D:3      | HP: 1/28 [iguana (10)]
  4106 | D:4      | Found Ceul's Antique Weapon Shoppe.
  4359 | D:4      | Found Faqagg's Assorted Antiques.
  4365 | D:4      | Found Emilevim's Armour Shoppe.
  4517 | D:4      | Found Deledets's Antique Armour Boutique.
  4524 | D:4      | Noticed Robin
  4578 | D:4      | Noticed Sigmund
  4664 | D:3      | Killed Robin
  4925 | D:4      | Reached XP level 7. HP: 21/31 MP: 9/12
  5211 | D:4      | Found Omatrufir's Antique Weapon Shop.
  5703 | D:4      | Bought a scroll labelled CUIB KUERAB for 29 gold pieces
  5703 | D:4      | Bought a murky black potion for 26 gold pieces
  5955 | D:4      | Killed Sigmund
  5956 | D:4      | Reached skill level 5 in Conjurations
  5956 | D:4      | Reached skill level 5 in Ice Magic
  6081 | D:5      | Entered Level 5 of the Dungeon
  6090 | D:5      | Reached XP level 8. HP: 36/36 MP: 6/13
  6102 | D:5      | Found a shadowy altar of Dithmenos.
  6265 | D:5      | Reached * piety under Hepliaklqana
  6484 | D:5      | Found a glowing drain.
  6488 | Sewer    | Entered a sewer
  6500 | Sewer    | Reached skill level 4 in Fighting
  6819 | D:5      | Reached skill level 5 in Dodging
  6948 | D:5      | Found a basalt altar of Yredelemnul.
  7202 | D:5      | Reached skill level 1 in Evocations
  7246 | D:5      | Noticed Ijyb
  7255 | D:5      | Killed Ijyb
  7463 | D:5      | Noticed Menkaure
  7473 | D:5      | Killed Menkaure
  7748 | D:5      | Found a runed translucent door.
  7749 | D:5      | Noticed Crazy Yiuf
  7857 | D:5      | Killed Crazy Yiuf
  8129 | D:6      | Found Veabauj's Distillery.
  8140 | D:6      | Reached skill level 5 in Evocations
  8225 | D:6      | Bought a potion of lignification for 39 gold pieces
  8563 | D:6      | Reached XP level 9. HP: 32/35 MP: 10/16
  8789 | D:6      | Found an iron altar of Okawaru.
  9022 | D:7      | Reached skill level 5 in Fighting
  9040 | D:7      | Reached skill level 5 in Unarmed Combat
  9653 | D:7      | Reached ** piety under Hepliaklqana
  9654 | D:7      | Remembered your ancestor Lici as a knight
  9752 | D:7      | Found a staircase to the Ecumenical Temple.
 10106 | D:8      | Shot with an arrow by a centaur
 10107 | D:8      | Reached XP level 8. HP: -3/33 MP: 14/15
 10260 | D:8      | Found a flagged portal.
 10299 | Bailey   | Entered a bailey
 10306 | Bailey   | Noticed an orc warlord
 10468 | Bailey   | Noticed an orc knight
 10471 | Bailey   | Reached XP level 9. HP: 36/36 MP: 4/16
 10516 | Bailey   | Found a runed translucent gate.
 10516 | Bailey   | Found a runed translucent gate.
 10516 | Bailey   | Found a runed translucent gate.
 10654 | Bailey   | Killed an orc knight
 11074 | Bailey   | Killed an orc warlord
 11075 | Bailey   | Reached skill level 1 in Invocations
 11253 | D:8      | Reached *** piety under Hepliaklqana
 11669 | D:8      | Noticed a komodo dragon
 11691 | D:8      | Killed a komodo dragon
 11692 | D:8      | Reached XP level 10. HP: 11/39 MP: 6/17
 11812 | D:8      | Found a staircase to the Lair.
 12206 | D:8      | Reached skill level 5 in Invocations
 12729 | D:9      | Reached skill level 5 in Spellcasting
 13311 | D:10     | Entered Level 10 of the Dungeon
 13325 | D:10     | Noticed a two-headed ogre
 13340 | D:10     | Killed a two-headed ogre
 13517 | D:10     | Identified the +6 falchion "Johips" {elec, rF++ Str-4
                  | Dex+4}
 13669 | D:10     | Found Ycoklech's Demolitions Depot.
 13884 | D:10     | Found a runed translucent gate.
 13884 | D:10     | Found a runed translucent gate.
 13884 | D:10     | Found a runed translucent gate.
 13888 | D:10     | Noticed a guardian serpent
 13888 | D:10     | Noticed a brown ugly thing
 13889 | D:10     | Noticed a green ugly thing
 13889 | D:10     | Noticed a glowing orange brain
 13907 | D:10     | Noticed a white ugly thing
 13907 | D:10     | Noticed a green ugly thing
 13907 | D:10     | Noticed a cyan ugly thing
 13915 | D:10     | Noticed a skyshark
 14161 | D:10     | Reached XP level 11. HP: 42/42 MP: 1/19
 14617 | D:10     | Reached **** piety under Hepliaklqana
 14934 | D:10     | Found a staircase to the Orcish Mines.
 15594 | D:11     | Reached skill level 10 in Conjurations
 15678 | D:11     | Noticed a two-headed ogre
 15686 | D:11     | Killed a two-headed ogre
 15792 | D:11     | Noticed a red ugly thing
 15797 | D:11     | Noticed an orc knight
 15802 | D:11     | Noticed a red ugly thing
 15802 | D:11     | Noticed a five-headed hydra
 15816 | D:11     | Killed a red ugly thing
 15865 | D:11     | Killed an orc knight
 15931 | D:11     | Killed a five-headed hydra
 15932 | D:11     | Reached skill level 6 in Fighting
 16116 | D:11     | Noticed a two-headed ogre
 16116 | D:11     | Noticed a six-headed hydra
 16132 | D:11     | Killed a six-headed hydra
 16132 | D:11     | Killed a two-headed ogre
 16446 | D:11     | Noticed an orc sorcerer
 16463 | D:11     | Killed an orc sorcerer
 16574 | D:11     | Found Zucvigg's Distillery.
 16751 | D:11     | Noticed a deep elf zephyrmancer
 16755 | D:11     | Killed a deep elf zephyrmancer
 16849 | D:11     | Noticed a two-headed ogre
 16854 | D:11     | Killed a two-headed ogre
 16965 | D:11     | Noticed an orc sorcerer
 16973 | D:11     | Killed an orc sorcerer
 16974 | D:11     | Gained mutation: Your thick and shaggy fur keeps you warm.
                  | (AC +3, rC+) [Felid growth]
 16974 | D:11     | Reached XP level 12. HP: 46/46 MP: 16/23
 17298 | D:11     | Noticed a centaur warrior
 17307 | D:11     | Killed a centaur warrior
 17479 | D:11     | Got the Atlas of the Cloudy Quarry
 17812 | Lair:1   | Entered Level 1 of the Lair of Beasts
 18543 | Lair:1   | Acquired the ring of Hahyan {rC+ rN+ Dex-3 Slay+5}
 18622 | Lair:1   | Reached skill level 1 in Transmutations
 18655 | Lair:1   | Acquired the ring of Awe {rPois Will+ EV+5 Str-2 Dex+3}
 18722 | Lair:1   | Found a runed translucent door.
 18725 | Lair:1   | Noticed pedritolo's ghost (journeyman OpBe)
 19269 | Lair:2   | Learned a level 5 spell: Irradiate
 19317 | Lair:2   | Found a staircase to the Swamp.
 19345 | Lair:2   | Reached skill level 5 in Transmutations
 19599 | Lair:2   | Reached ***** piety under Hepliaklqana
 20246 | Lair:3   | Noticed a boulder beetle
 20247 | Lair:3   | Found a hole to the Spider Nest.
 20281 | Lair:3   | Killed a boulder beetle
 20470 | Lair:3   | Noticed Snorg
 20478 | Lair:3   | Killed Snorg
 20479 | Lair:3   | Reached XP level 13. HP: 49/49 MP: 3/24
 21109 | Lair:3   | Reached skill level 10 in Transmutations
 21222 | Lair:2   | Learned a level 7 spell: Dragon Form
 21749 | Lair:3   | Noticed Gastronok
 21800 | Lair:3   | Killed Gastronok
 22120 | Lair:4   | Reached skill level 7 in Fighting
 22411 | Lair:4   | Found a viscous altar of Jiyva.
 22412 | Lair:4   | Found a staircase to the Slime Pits.
 22412 | Lair:4   | Identified the +1 leather armour of Defiance {rN+}
 23339 | Lair:5   | Entered Level 5 of the Lair of Beasts
 23361 | Lair:5   | Reached skill level 8 in Fighting
 23402 | Lair:5   | Reached skill level 10 in Dodging
 24462 | Lair:5   | Found the +2 hood of the Assassin {Detect Stab+ Stlth++}
 24468 | Lair:5   | Identified the +1 leather armour of Pauqyus {rPois}
 24685 | Lair:5   | Reached XP level 14. HP: 56/56 MP: 18/25
 25446 | D:12     | Noticed Fannar
 25694 | D:12     | Found a portal to a secret trove of treasure.
 26274 | D:12     | Reached ****** piety under Hepliaklqana
 26687 | D:12     | Killed Fannar
 27531 | D:13     | Noticed Kirke
 27540 | D:13     | Killed Kirke
 27783 | D:13     | Reached skill level 15 in Transmutations
 27922 | D:13     | Noticed an ironbound preserver
 27927 | D:13     | Killed an ironbound preserver
 28472 | D:13     | Found a gate to the Vaults.
 29068 | D:14     | Noticed Sauxt's ghost (journeyman GrEE)
 29089 | D:14     | Found a transporter.
 29091 | D:14     | Noticed Vidul's ghost (journeyman OgTm)
 29294 | D:14     | Found a transporter.
 29341 | D:14     | Reached skill level 9 in Fighting
 29358 | D:14     | Found Bist's Book Boutique.
 29379 | D:14     | Found Awiugut's Weapon Emporium.
 29383 | D:14     | Found Comon's Armour Shoppe.
 29467 | D:14     | Found Bian Xen's Weapon Shoppe.
 29657 | D:14     | Found Cus Voyff's Jewellery Shop.
 29663 | D:14     | Reached XP level 15. HP: 60/60 MP: 19/27
 29739 | D:15     | Entered Level 15 of the Dungeon
 30458 | D:15     | Found a staircase to the Depths.
 30993 | Orc:1    | Entered Level 1 of the Orcish Mines
 31067 | Orc:1    | Found a dark tunnel.
 31081 | Volcano  | Entered a volcano
 31147 | Volcano  | Found a burning altar of Makhleb.
 31167 | Volcano  | Reached skill level 10 in Fighting
 31533 | Orc:2    | Entered Level 2 of the Orcish Mines
 31608 | Orc:2    | Noticed Saint Roka
 31765 | Orc:2    | Killed Saint Roka
 31985 | Orc:2    | Found a staircase to the Elven Halls.
 32190 | Orc:2    | Found Janeynaf's Book Shoppe.
 32222 | Orc:2    | Found a radiant altar of Vehumet.
 32223 | Orc:2    | Noticed Erolcha
 32230 | Orc:2    | Killed Erolcha
 32231 | Orc:2    | Found Cumase's Antique Armour Emporium.
 32242 | Orc:2    | Noticed Nergalle
 32245 | Orc:2    | Found an ancient bone altar of Kikubaaqudgha.
 32253 | Orc:2    | Killed Nergalle
 32276 | Orc:2    | Found Lesocod's Antique Weapon Emporium.
 32327 | Orc:2    | Found Tuetop's Distillery.
 32390 | Orc:2    | Noticed Sonja
 32395 | Orc:2    | Killed Sonja
 32437 | Orc:2    | Found Quabludy's Self-Improvement Boutique.
 32445 | Orc:2    | Bought a manual of Unarmed Combat for 1360 gold pieces
 32803 | Spider:1 | Entered Level 1 of the Spider Nest
 33158 | D:3      | Bought an amulet of regeneration for 330 gold pieces
 33404 | Spider:1 | Reached skill level 10 in Unarmed Combat
 33920 | Spider:1 | Reached XP level 16. HP: 65/65 MP: 23/30
 35293 | Spider:2 | Reached skill level 10 in Spellcasting
 36108 | Spider:3 | Reached skill level 15 in Unarmed Combat
 37038 | Spider:4 | Entered Level 4 of the Spider Nest
 37339 | Spider:4 | Reached skill level 11 in Fighting
 37682 | Spider:4 | Reached skill level 12 in Fighting
 37693 | Spider:4 | Reached XP level 17. HP: 71/71 MP: 32/32
 37862 | Spider:4 | Slain by a spark wasp
 37863 | Spider:4 | Reached XP level 16. HP: -4/103 MP: 0/31
 38205 | Spider:4 | Reached skill level 13 in Fighting
 38443 | Spider:4 | Got a gossamer rune of Zot
 38649 | Swamp:1  | Entered Level 1 of the Swamp
 38650 | Swamp:1  | Noticed Nikola
 38870 | Elf:1    | Entered Level 1 of the Elven Halls
 38912 | Elf:1    | Found a radiant altar of Vehumet.
 39047 | Orc:2    | Bought Maxwell's Memoranda for 418 gold pieces
 39051 | Orc:2    | Learned a level 3 spell: Vhi's Electric Charge
 39204 | Elf:1    | Found Beimocso's Antique Armour Emporium.
 39210 | Elf:1    | Reached skill level 1 in Air Magic
 39251 | Elf:1    | Found Barghener's Antique Armour Shop.
 39253 | Elf:1    | Found Qoanwyny's Weapon Emporium.
 39409 | Elf:1    | Found Miatin's Book Shoppe.
 39475 | Elf:1    | Noticed Jorgrun
 39481 | Elf:1    | Killed Jorgrun
 39482 | Elf:1    | Reached skill level 5 in Translocations
 39753 | Elf:1    | Identified the ring of Bawk {Will+ Str+2 Int-2 SInv}
 39990 | Elf:2    | Found Tach's Antique Weapon Shoppe.
 40188 | Elf:2    | Found a runed translucent door.
 40259 | Elf:2    | Found a runed translucent door.
 40403 | Elf:2    | Found a runed translucent door.
 40658 | Elf:3    | Entered Level 3 of the Elven Halls
 40809 | Elf:3    | Reached XP level 17. HP: 73/73 MP: 23/32
 41232 | Elf:3    | Noticed a deep elf master archer
 41297 | Elf:3    | Killed a deep elf master archer
 41332 | Elf:3    | Reached skill level 14 in Fighting
 41332 | Elf:3    | Noticed a deep elf master archer
 41342 | Elf:3    | Killed a deep elf master archer
 41373 | Elf:3    | Identified the +2 quarterstaff of Zomeff {antimagic, rF++}
 41386 | Elf:3    | Identified the ring of Icoakuch {rF+ MP+9 Int+2}
 41506 | Elf:3    | Identified the +5 ring mail of Enormous Salvation {Will-
                  | Dex+4}
 41506 | Elf:3    | Noticed a deep elf blademaster
 41509 | Elf:3    | Killed a deep elf blademaster
 41634 | Elf:3    | Noticed a deep elf blademaster
 41653 | Elf:3    | Killed a deep elf blademaster
 41728 | Elf:3    | Noticed an Ice Fiend
 41874 | Elf:3    | Found the ring of the Hare {EV+10}
 41893 | Elf:3    | Got the Discourse on Nival Spellbinding
 41897 | Elf:3    | Got the Parchment of Excruciating Toxicants
 41998 | Elf:3    | Noticed Louise
 42011 | Elf:3    | Killed Louise
 42615 | Swamp:1  | Killed Nikola
 42960 | Swamp:1  | Reached skill level 15 in Fighting
 43025 | Swamp:1  | You fall into a shaft and drop 1 floor!
 43039 | Swamp:2  | Found a runed translucent door.
 43039 | Swamp:2  | Noticed bmj180's ghost (adept MiFi)
 43056 | Swamp:2  | Noticed Mlioglotl
 43057 | Swamp:2  | Reached skill level 10 in Invocations
 43069 | Swamp:2  | Killed Mlioglotl
 43609 | Swamp:2  | Killed bmj180's ghost
 43794 | Swamp:3  | Noticed Aizul
 43798 | Swamp:3  | Killed Aizul
 43799 | Swamp:3  | Reached XP level 18. HP: 80/80 MP: 20/33
 43932 | Swamp:3  | Noticed Mara
 43938 | Swamp:3  | Noticed Flugkiller's illusion
 43941 | Swamp:3  | Killed Mara
 43942 | Swamp:3  | Reached skill level 15 in Dodging
 43945 | Swamp:3  | Found a transporter.
 43965 | Swamp:3  | Noticed gabibbone's ghost (adept OgAE)
 43997 | Swamp:3  | Found a transporter.
 44001 | Swamp:3  | Found a bloodstained altar of Trog.
 44275 | Swamp:3  | Noticed a tentacled monstrosity
 44279 | Swamp:3  | Killed a tentacled monstrosity
 44485 | Swamp:4  | Entered Level 4 of the Swamp
 45078 | Swamp:4  | Reached skill level 16 in Fighting
 45110 | Swamp:4  | Noticed a tentacled monstrosity
 45156 | Swamp:4  | Killed a tentacled monstrosity
 45350 | Swamp:4  | Got a decaying rune of Zot
 45664 | Vaults:1 | Entered Level 1 of the Vaults
 46046 | Vaults:1 | Reached XP level 19. HP: 85/85 MP: 26/34
 46115 | Vaults:1 | Reached skill level 17 in Fighting
 46500 | Vaults:2 | Noticed Jory
 46505 | Vaults:2 | Killed Jory
 46589 | Vaults:1 | You fall into a shaft and drop 1 floor!
 46604 | Vaults:2 | Found Kaqiplij's Antique Weapon Shop.
 46656 | Vaults:2 | Noticed Margery
 46663 | Vaults:2 | Killed Margery
 46728 | Vaults:2 | Noticed Frederick
 46733 | Vaults:2 | Killed Frederick
 47763 | Vaults:3 | Found a flickering gateway to a bazaar.
 47770 | Bazaar   | Entered a bazaar
 47774 | Bazaar   | Found Gadix's Jewellery Boutique.
 47796 | Bazaar   | Found Qefasoh's Jewellery Emporium.
 47817 | Bazaar   | Found Eruu's Book Boutique.
 47837 | Bazaar   | Found Sinkumol's Weapon Shoppe.
 47866 | Bazaar   | Bought the ring of Reexig {EV+5 Int+5 Slay+2} for 928 gold
                  | pieces
 48136 | Vaults:3 | Noticed Mennas
 48138 | Vaults:3 | Reached skill level 18 in Fighting
 48536 | Vaults:2 | Killed Mennas
 49246 | Vaults:3 | Found a staircase to the Crypt.
 49246 | Vaults:3 | Found an ancient bone altar of Kikubaaqudgha.
 49247 | Vaults:3 | Found a basalt altar of Yredelemnul.
 49565 | Vaults:4 | Reached XP level 20. HP: 92/92 MP: 26/35
 50134 | Vaults:4 | Reached skill level 19 in Fighting
 50706 | Depths:1 | Entered Level 1 of the Depths
 50715 | Depths:1 | Found Vizuigy's Neck Hole.
 50985 | Depths:1 | Found a gateway to Hell.
 51241 | Depths:1 | Reached skill level 20 in Fighting
 51281 | Depths:1 | Learned a level 4 spell: Cause Fear
 51370 | Depths:1 | Reached skill level 1 in Hexes
 51437 | Depths:2 | Found Akuhaz's Armour Emporium.
 51487 | Depths:2 | HP: 3/141 [brown very ugly thing (19)]
 51487 | Depths:2 | Splashed by a brown very ugly thing's acid
 51488 | Depths:2 | Reached XP level 19. HP: -3/135 MP: 25/34
 51539 | Depths:2 | Reached skill level 5 in Hexes
 51555 | Depths:2 | Noticed a juggernaut
 51556 | Depths:2 | Found a runed translucent door.
 52130 | Depths:2 | Found a one-way gate leading to the halls of Pandemonium.
 52183 | Depths:2 | Reached skill level 10 in Hexes
 52538 | Depths:2 | Identified the amulet of Lesser Demons {RegenMP +Blink rN+
                  | Regen+}
 52887 | Depths:3 | Noticed a golden dragon
 53059 | Depths:3 | Reached XP level 20. HP: 94/94 MP: 35/35
 53118 | Depths:3 | Killed a golden dragon
 53141 | Depths:3 | Noticed a golden dragon
 53154 | Depths:3 | Killed a golden dragon
 53276 | Depths:3 | Gained mutation: You have a pair of small horns on your
                  | head. [potion of mutation]
 53276 | Depths:3 | Gained mutation: Your muscles are strong. (Str +4, Int/Dex
                  | -1) [potion of mutation]
 53291 | Depths:3 | Found a one-way gate to the infinite horrors of the Abyss.
 53298 | Depths:3 | Found a one-way gateway to a ziggurat.
 53424 | Depths:3 | Found a radiant altar of Vehumet.
 53606 | Depths:4 | Entered Level 4 of the Depths
 53992 | Depths:4 | Found a gate to the Realm of Zot.
 54058 | Depths:4 | Found a corrupted altar of Lugonu.
 54141 | Depths:4 | Found a runed translucent door.
 54141 | Depths:4 | Noticed Flugslaktarn's ghost (adept MiFi)
 54500 | Depths:4 | Voluntarily entered the Abyss.
 54553 | Abyss:2  | Reached skill level 1 in Stealth
 54604 | Abyss:3  | Got an abyssal rune of Zot
 54616 | Abyss:3  | Reached skill level 5 in Stealth
 54683 | Abyss:3  | Noticed a bone dragon
 54686 | Abyss:3  | Killed a bone dragon
 54689 | Depths:4 | Escaped the Abyss
 54800 | Depths:3 | Killed Flugslaktarn's ghost
 54880 | Zot:1    | Entered Level 1 of the Realm of Zot
 54883 | Zot:1    | Mangled by an electric golem
 54884 | Zot:1    | Reached XP level 19. HP: -10/136 MP: 22/34
 54893 | Zot:1    | Killed an electric golem
 54938 | Zot:1    | Noticed an electric golem
 54989 | Zot:1    | Killed an electric golem
 55191 | Zot:3    | Noticed a Killer Klown
 55193 | Zot:3    | Killed a Killer Klown
 55194 | Zot:3    | Reached skill level 10 in Stealth
 55266 | Zot:3    | Reached XP level 20. HP: 95/95 MP: 35/35
 55299 | Zot:4    | Reached skill level 21 in Fighting
 55349 | Zot:4    | Noticed a golden dragon
 55373 | Zot:4    | Killed a golden dragon
 55533 | Zot:4    | Noticed a doom hound
 55541 | Zot:4    | Noticed a doom hound
 55544 | Zot:4    | Killed a doom hound
 55551 | Zot:4    | Noticed a curse toe
 55557 | Zot:3    | Killed a curse toe
 55861 | Zot:4    | Noticed Grunn
 55868 | Zot:4    | Reached skill level 22 in Fighting
 55868 | Zot:4    | Killed Grunn
 55993 | Zot:4    | Killed from afar by a black draconian knight

Illustrated notes

Levels and vault maps discovered:
D:1:      mainiacjoe_arrival_reflecting_pool, layout_rooms, nrook_uturn,
          minmay_surrounded
D:2:      layout_basic, ebering_ecumenical_altar_box, bh_walls_and_bars
D:3:      layout_basic, amethyst_overflow_temple_binary,
          chequers_temple_overflow_statue_of_worship, serial_shops,
          shop_fountains, shop
D:4:      wander_river, layout_basic, nzn_hepliaklqana_mist_gate, serial_shops,
          nicolae_shop_overgrown_old_shop, shop, nicolae_shop_statue_plus,
          nicolae_shop_window_shopping, nicolae_shop_behind_doors, uniq_sigmund,
          uniq_robin
D:5:      layout_loops_ring, nicolae_dithmenos_the_darkroom,
          yredelemnul_forgotten_temple_becter, gup_sewer_entry_spiral,
          kennysheep_decorative_pillar, cheibrodos_gnoll_hut, uniq_menkaure,
          uniq_crazy_yiuf_cottage, uniq_ijyb
D:6:      layout_basic, okawaru_altar_gauntlet_db, serial_shops,
          nicolae_shop_hallway_plus, minmay_misc_feat_nine_boxes
D:7:      layout_basic, minmay_temple_entry_mini_moons, kennysheep_small_circle
D:8:      layout_gridville, david_lair_shrubbed, enter_bailey_4
D:9:      layout_cave_pools
D:10:     layout_loops_corners, david_orc_4,
          ploomutoo_gammafunk_ghost_potion_laboratory, nicolae_blasting_shop,
          nicolae_kite_square_tiling_tiny
D:11:     minmay_the_grid_plus [minmay_the_grid_embedded,
          minmay_the_grid_gridbox, minmay_the_grid_aliased_spiral,
          minmay_the_grid_tri_star, minmay_the_grid_prize_trominoes],
          layout_loops_ring, serial_shops, nicolae_square_shop,
          minmay_misc_feat_square
D:12:     layout_irregular_city, nicolae_trove_entry_isolated, serial_demonic,
          serial_demonic_g, serial_demonic_e, serial_demonic_g,
          serial_demonic_b, serial_demonic_e, serial_demonic_e,
          serial_demonic_f, uniq_fannar
D:13:     layout_stronghold, skrybe_vaults_entry_preservation,
          minmay_misc_feat_cross, uniq_kirke
D:14:     layout_roguey, infiniplex_staircase_star, serial_shops, shop,
          kennysheep_mini_moat, nicolae_shop_stone, nicolae_shop_crystal,
          nicolae_stop_n_shop_1, nzn_ghost_randoct
D:15:     gammafunk_enter_depths_forms, layout_long_grid, nicolae_lava_and_water
Lair:1:   layout_loops_ring, ebering_ghost_reflecting_pool,
          nicolae_lair_run_with_the_wolves, infiniplex_staircase_pool
Lair:2:   layout_gridlike, swamp_mist
Lair:3:   beast_lair_carwin_large_3, layout_hall_layers,
          nicolae_spider_entry_non_spiders, uniq_snorg, uniq_gastronok
Lair:4:   layout_gridlike, slime_entry_1
Lair:5:   guppyfry_lair_end_dragon, layout_loops_ring, minivault_27,
          worms_lemuel
Swamp:1:  layout_basic_swamp, wheals_swamp_sinkhole, uniq_nikola
Swamp:2:  layout_basic_swamp, hellmonk_ghost_happy_afterlife,
          nicolae_swamp_triple_paths, st_swamp_ruins_2, uniq_mlioglotl
Swamp:3:  nzn_winding_woodlands_medium [nzn_winding_woodlands_5x5_cross,
          nzn_winding_woodlands_5x15_sawtooth, nzn_winding_woodlands_5x5_three,
          nzn_winding_woodlands_hourglass, nzn_winding_woodlands_center_lodge,
          nzn_winding_woodlands_5x5_checkerboard,
          nzn_winding_woodlands_5x5_closed_star,
          nzn_winding_woodlands_5x15_twine, nzn_winding_woodlands_5x5_default],
          layout_basic_swamp, gammafunk_ghost_wrathful_warriors,
          evilmike_swamp_ruin_house_3, uniq_aizul, uniq_mara
Swamp:4:  nzn_swamp_witches_coven, layout_basic_swamp
Spider:1: layout_chambers
Spider:2: layout_chambers
Spider:3: layout_spider_delve, nicolae_spider_eight_legs
Spider:4: grunt_spider_rune_parallel
Orc:1:    layout_caves, enter_volcano_3, basic_altar
Orc:2:    kennysheep_orc_mage_school, layout_diamond_mine,
          nicolae_shop_self_help, uniq_sonja, uniq_saint_roka
Elf:1:    eino_elf_arrival_altar, layout_geoelf_grid, serial_shops, shop, shop,
          shop, nicolae_shop_overgrown_old_shop, kennysheep_underground_church,
          uniq_jorgrun
Elf:2:    elven_hall_of_blades_hangedman_original
          [nicolae_blade_entry_splitting_headache], layout_onion_city,
          serial_shops, shop_statue, glass_columns_a, minivault_13
Elf:3:    grunt_elf_hall_branching, layout_geoelf_castle, st_stairs_5,
          statue_in_the_mist_lemuel, uniq_louise
Vaults:1: ontoclasm_vaults_claustrophobia, nicolae_vaults_twisting_passages,
          v_pattern_1, nicolae_vaults_little_ls, v_misc_29,
          nicolae_vaults_windows_and_doors_thing, nicolae_vaults_puzzle_piece,
          v_misc_22, ontoclasm_vaults_ligature, nicolae_vaults_little_squares_3,
          v_alt_pattern_5, nicolae_vaults_hallways_thing,
          nicolae_vaults_little_squares_4, layout_vaults_omnibox
Vaults:2: ontoclasm_vaults_ring_small, nicolae_vaults_alarming,
          vaults_dpeg_ring, ontoclasm_vaults_idyll, ontoclasm_vaults_ring_small,
          v_misc_24, grunt_vaults_focal, nicolae_vaults_network_quinsquares
          [nicolae_vaults_network_quincunx_subvault,
          nicolae_vaults_network_quincunx_subvault,
          nicolae_vaults_network_quincunx_subvault,
          nicolae_vaults_network_quincunx_subvault], v_misc_14,
          layout_vaults_omnigrid, serial_shops, nicolae_shop_overgrown_old_shop,
          uniq_jory, uniq_margery, uniq_frederick
Vaults:3: hangedman_vaults_unwind, grunt_vaults_funnel, vaults_standard_mumra_x,
          v_pattern_5, nicolae_vaults_asterisk, grunt_vaults_trifunnel,
          hangedman_vaults_locks, v_alt_pattern_1,
          nicolae_vaults_little_squares_3, vaults_room_semicircle,
          nicolae_vaults_little_squares_4, vaults_room_stairs_pillars,
          layout_vaults_chaotic_city, minmay_crypt_entry_necro_gods,
          serial_shops, bzr_entry_customers, uniq_mennas
Vaults:4: v_rooms_5, v_misc_4, v_alt_pattern_3, vaults_dpeg_doors,
          vaults_room_pools, nicolae_vaults_quadrants,
          nicolae_vaults_ring_of_whatevers, v_alt_pattern_4,
          grunt_vaults_hallway_short, grunt_vaults_hallway_short, v_misc_24,
          vaults_room_boxed, grunt_vaults_hallway_short,
          hangedman_vaults_restitches, nicolae_vaults_little_squares_3,
          layout_vaults_maze
Depths:1: layout_big_octagon, hangedman_decor_clover_reticule,
          nicolae_hell_entry_hellmouth_sunbeams,
          nicolae_shop_sticking_my_neck_out
Depths:2: minmay_gate_of_8, layout_gridlike, hellmouth_1, serial_shops,
          nicolae_inconvenience_store, pan_entry, minivault_22
Depths:3: minmay_bloctagon, layout_cave_pools, enter_ziggurat_f,
          nicolae_vehumet_radiance, abyss_entry, hell_entry
Depths:4: evilmike_zot_entry_basic, layout_cave_shapes, grunt_pan_entry_spiral,
          hangedman_geh_valley, ebering_ghost_inner_flame,
          abyss_entry_flame_altar, nicolae_benzene_ring, serial_bayou_shore_b
Zot:1:    layout_gridville
Zot:2:    layout_gridlike, grunt_megastairs_4
Zot:3:    kennysheep_blocky_room, layout_basic
Zot:4:    layout_basic, uniq_grunn

Skill      XL: |  1  2  3  4  5  6  7  8  9 10 11 12 13 14 15 16 17 18 19 20 |
---------------+-------------------------------------------------------------+-----
Fighting       | 3 4 5 6 8 9 10 13 15 16 18 22 | 22.1
Translocations | 2 4 8 |  8.0
Conjurations   | 3 4 5 6 7 9 10 | 10.9
Ice Magic      | 1 3 4 5 6 7 |  7.0
Spellcasting   | 3 4 5 7 9 10 | 10.0
Dodging        | 4 5 8 10 11 14 16 | 16.0
Evocations     | 6 7 8 |  8.0
Unarmed Combat | 4 5 6 11 16 17 19 20 | 20.0
Invocations    | 4 5 6 8 10 12 | 12.0
Transmutations | 8 12 15 16 17 18 | 18.0
Air Magic      | 3 |  3.0
Hexes          | 11 12 | 12.0
Stealth        | 10 7 | 10.0

Action                     |  1- 3 |  4- 6 |  7- 9 | 10-12 | 13-15 | 16-18 | 19-21 || total
---------------------------+-------+-------+-------+-------+-------+-------+-------++-------
  Melee: Unarmed           |   112 |   154 |   120 |    71 |   509 |   893 |   745 ||  2604
         Bite              |    14 |    21 |    11 |    10 |    73 |   119 |   117 ||   365
         Punch             |     3 |     2 |     2 |     3 |    40 |   103 |   105 ||   258
         Tailslap          |       |       |       |       |    68 |   160 |   151 ||   379
   Cast: Momentum Strike   |     5 |    29 |    18 |     7 |       |       |       ||    59
         Kiss of Death     |       |     1 |       |       |       |       |       ||     1
         Hailstorm         |       |       |   150 |   226 |   165 |       |       ||   541
         Irradiate         |       |       |       |     2 |    59 |    30 |    29 ||   120
         Dragon Form       |       |       |       |       |    40 |    93 |    86 ||   219
         Vhi's Electric Ch |       |       |       |       |       |    97 |   120 ||   217
 Invoke: Recall Ancestor   |       |       |     9 |    18 |    10 |     2 |    14 ||    53
         Ancestor Identity |       |       |     1 |       |       |       |       ||     1
         Ancestor Life: Kn |       |       |     1 |       |       |       |       ||     1
         Transference      |       |       |       |     1 |     2 |       |     1 ||     4
         Idealise          |       |       |       |       |       |     4 |     4 ||     8
  Evoke: Wand              |       |       |     2 |     6 |     5 |     2 |     3 ||    18
         Phantom mirror    |       |       |       |       |       |     1 |       ||     1
         Tin of tremorston |       |       |       |       |       |     4 |     2 ||     6
         Phial of floods   |       |       |       |       |       |       |     1 ||     1
    Use: Scroll            |     2 |     7 |     8 |    10 |     2 |     3 |    15 ||    47
         Potion            |     1 |     1 |     2 |     3 |     2 |     2 |     8 ||    19
   Stab: Distracted        |     1 |       |     1 |       |     6 |    11 |     7 ||    26
         Sleeping          |       |       |       |       |       |     1 |     1 ||     2
         Betrayed ally     |       |       |       |       |       |       |     1 ||     1
 Armour: Skin              |    19 |    10 |     7 |       |    98 |   227 |   148 ||   509
  Dodge: Dodged            |   118 |   161 |   113 |    74 |   593 |   716 |   675 ||  2450
  Block: Other             |       |       |       |       |    36 |       |       ||    36
         Reflection        |       |       |       |       |     1 |       |       ||     1

Table legend: (Time is in decaauts)
 A = Elapsed time spent in this place.
 B = Non-inter-level travel time spent in this place.
 C = Inter-level travel time spent in this place.
 D = Time resting spent in this place.
 E = Time spent auto-exploring this place.
 F = Levels seen in this place.
 G = Mean time per level.
                   A        B        C        D        E       F      G
               +--------+--------+--------+--------+--------+-----+--------+
         Total |  53562 |  49844 |   3718 |  16771 |  21985 |  52 | 1030.0 |
       Dungeon |  21476 |  19610 |   1866 |   8251 |   7126 |  15 | 1431.7 |
          Lair |   8118 |   7634 |    484 |   3357 |   3148 |   5 | 1623.6 |
         Swamp |   2921 |   2823 |     98 |    799 |   1223 |   4 |  730.2 |
   Spider Nest |   5259 |   5059 |    200 |    957 |   2999 |   4 | 1314.8 |
  Orcish Mines |   1478 |   1190 |    288 |    182 |    674 |   2 |  739.0 |
   Elven Halls |   3099 |   2883 |    216 |    582 |   1537 |   3 | 1033.0 |
        Vaults |   4561 |   4174 |    387 |    482 |   2990 |   4 | 1140.2 |
        Depths |   3948 |   3780 |    168 |   1033 |   1954 |   4 |  987.0 |
           Zot |   1017 |   1008 |      9 |    515 |     39 |   4 |  254.2 |
         Abyss |    182 |    182 |      0 |     26 |     44 |   3 |   60.7 |
        Bazaar |    104 |    104 |      0 |      0 |     83 |   1 |  104.0 |
         Sewer |    239 |    239 |      0 |    141 |      3 |   1 |  239.0 |
        Bailey |    801 |    801 |      0 |    277 |    107 |   1 |  801.0 |
       Volcano |    353 |    353 |      0 |    168 |     56 |   1 |  353.0 |
               +--------+--------+--------+--------+--------+-----+--------+

Top non-repeatable levels by time:
    D:10: 2387 daAuts
  Lair:3: 2058 daAuts
    D:11: 1995 daAuts
    D:13: 1931 daAuts
     D:3: 1906 daAuts
    D:12: 1774 daAuts
  Lair:2: 1735 daAuts
     D:5: 1620 daAuts
Depths:2: 1576 daAuts
Vaults:2: 1565 daAuts
  Lair:5: 1540 daAuts
     D:8: 1478 daAuts
  Lair:1: 1451 daAuts
Spider:4: 1447 daAuts
Spider:2: 1439 daAuts
